[Event "41st Amateur D7"]
[Site "ChessGUI4"]
[Date "2013.07.11"]
[Round "33.5"]
[White "Gibbon 2.57a 64-bit"]
[Black "Waxman 2011"]
[Result "0-1"]
[BlackElo "2256"]
[ECO "D45"]
[EventDate "2013.??.??"]
[TimeControl "40/1500:40/1500:40/1500"]
[WhiteElo "2251"]

{ i5 Quad } 1.c4 c6 2.Nf3 d5 3.e3 Nf6 4.Nc3 e6 5.d4 Nbd7 6.Qc2 Bd6 7.Bd2 O-O 8.h3 c5 9.cxd5 exd5 { [%eval -20,12] [%emt 0:00:41] (exd5) } 10.Nb5
{ [%eval 34,12] [%emt 0:00:29] (Nb5) } 10...Be7
{ [%eval -9,12] [%emt 0:00:38] (Be7) } 11.dxc5
{ [%eval 39,13] [%emt 0:00:41] (Rc1) } 11...Nxc5
{ [%eval 16,12] [%emt 0:01:00] (Nxc5) } 12.Be2
{ [%eval 32,13] [%emt 0:00:41] (Be2) } 12...Bd7
{ [%eval 20,12] [%emt 0:00:42] (Bd7) } 13.O-O
{ [%eval 36,13] [%emt 0:01:04] (O-O) } 13...Nce4
{ [%eval 12,12] [%emt 0:01:01] (Qb6) } 14.Rfc1
{ [%eval 29,12] [%emt 0:00:36] (Rac1) } 14...Rc8
{ [%eval 26,12] [%emt 0:00:45] (Rc8) } 15.Qb3
{ [%eval 33,12] [%emt 0:00:25] (Qb3) } 15...Qb6
{ [%eval 29,12] [%emt 0:00:50] (Qb6) } 16.Nbd4
{ [%eval 32,13] [%emt 0:01:15] (Nbd4) } 16...Qxb3
{ [%eval 27,12] [%emt 0:00:50] (Nxd2) } 17.Nxb3
{ [%eval 22,12] [%emt 0:00:05] (Nxb3) } 17...Rfe8
{ [%eval 18,12] [%emt 0:00:36] (Nxd2) } 18.Be1
{ [%eval 39,12] [%emt 0:00:18] (Nfd4) } 18...Bd6
{ [%eval 16,12] [%emt 0:00:36] (Nc5) } 19.Nbd4
{ [%eval 37,13] [%emt 0:00:52] (Nfd4) } 19...Kh8
{ [%eval 17,12] [%emt 0:00:49] (a6) } 20.Ba5
{ [%eval 35,13] [%emt 0:01:10] (Bd3) } 20...Bc5
{ [%eval 17,12] [%emt 0:00:42] (b6) } 21.a3
{ [%eval 39,13] [%emt 0:00:24] (Nb3) } 21...b6
{ [%eval 10,12] [%emt 0:00:46] (Nd6) } 22.Bb4
{ [%eval 55,13] [%emt 0:00:19] (Be1) } 22...a5
{ [%eval 13,13] [%emt 0:00:45] (Bxd4) } 23.Be1
{ [%eval 62,13] [%emt 0:00:26] (Be1) } 23...Bd6
{ [%eval 7,12] [%emt 0:00:38] (Nd6) } 24.Nb5
{ [%eval 75,12] [%emt 0:00:17] (Nb5) } 24...Bb8
{ [%eval 5,12] [%emt 0: 00:36] (Bb8) } 25.b4
{ [%eval 76,13] [%emt 0:00:21] (Nbd4) } 25...a4
{ [%eval 0,12] [%emt 0:00:38] (axb4) } 26.Bd3
{ [%eval 85,11] [%emt 0:00:13] (Nc3) } 26...Kg8
{ [%eval -8,12] [%emt 0:00:44] (h6) } 27.Nbd4
{ [%eval 91,12] [%emt 0:00:19] (Nc3) } 27...Bd6
{ [%eval -2,14] [%emt 0:01:08] (Bd6) } 28.Rd1
{ [%eval 91,11] [%emt 0:00: 24] (Ba6) } 28...Kf8
{ [%eval -8,12] [%emt 0:00:44] (Bb8) } 29.Rac1
{ [%eval 97,12] [%emt 0:00:15] (Nb5) } 29...Bb8
{ [%eval -12,13] [%emt 0:00:57] (h6) } 30.g4
{ [%eval 100,13] [%emt 0:00:36] (Ne2) } 30...h6
{ [%eval 2,12] [%emt 0:00:36] (h5) } 31.Ba6
{ [%eval 90,13] [%emt 0:00:22] (Bb5) } 31...Rxc1
{ [%eval 0,14] [%emt 0:00:47] (Rxc1) } 32.Rxc1
{ [%eval 106,13] [%emt 0:00:10] (Rxc1) } 32...Kg8
{ [%eval -8,13] [%emt 0:00: 54] (Nd6) } 33.Kg2
{ [%eval 108,12] [%emt 0:00:07] (Bb5) } 33...Nd6
{ [%eval -24,12] [%emt 0:00:38] (Bd6) } 34.Nc6
{ [%eval 107,13] [%emt 0:00:08] (Nc6) } 34...Bc7
{ [%eval -38,13] [%emt 0:00:47] (Bc7) } 35.Bc3
{ [%eval 106,13] [%emt 0:00:12] (Nce5) } 35...Nfe4
{ [%eval -49,12] [%emt 0:00:56] (Bxc6) } 36.Be5
{ [%eval 126,13] [%emt 0:00:22] (Bd4) } 36...Bd8
{ [%eval -54,12] [%emt 0:00:39] (Bd8) } 37.Nxd8
{ [%eval 135,13] [%emt 0:00:10] (Nxd8) } 37...Rxd8
{ [%eval -78,12] [%emt 0:00:10] (Rxd8) } 38.Nd4
{ [%eval 134,14] [%emt 0:00:26] (Nd4) } 38...Ra8
{ [%eval -86,12] [%emt 0:00:25] (Re8) } 39.Bd3
{ [%eval 110,13] [%emt 0:00:08] (Rc7) } 39...Rc8
{ [%eval -78,13] [%emt 0:00:24] (Rc8) } 40.Rxc8+
{ [%eval 104,13] [%emt 0:00:11] (Rxc8) } 40...Nxc8
{ [%eval -91,15] [%emt 0:00:37] (Nxc8) } 41.Bb5
{ [%eval 99,14] [%emt 0:00:48] (Bb5) } 41...Bxb5
{ [%eval -63,13] [%emt 0:00:08] (Bxb5) } 42.Nxb5
{ [%eval 104,16] [%emt 0:00:15] (Nxb5) } 42...f6
{ [%eval -80,13] [%emt 0:00:31] (f6) } 43.Bc7
{ [%eval 81,18] [%emt 0:01:23] (Bd4) } 43...Kf7
{ [%eval -79,13] [%emt 0:00:21] (Kf7) } 44.Kf3
{ [%eval 79,17] [%emt 0:00:29] (h4) } 44...Ke6
{ [%eval -31,13] [%emt 0: 00:24] (Ke6) } 45.Ke2
{ [%eval 70,18] [%emt 0:01:09] (Bf4) } 45...Kd7
{ [%eval -26,14] [%emt 0:00:23] (Kd7) } 46.Bh2
{ [%eval 60,18] [%emt 0:02:13] (f3) } 46...Ncd6
{ [%eval -13,15] [%emt 0:00:33] (Kc6) } 47.Bxd6
{ [%eval 69,19] [%emt 0:00:46] (Bxd6) } 47...Nxd6
{ [%eval -10,15] [%emt 0:00:14] (Nxd6) } 48.Nxd6
{ [%eval 74,21] [%emt 0:00:41] (Nxd6) } 48...Kxd6
{ [%eval -17,16] [%emt 0:00:12] (Kxd6) } 49.Kd3
{ [%eval 69,24] [%emt 0:00:51] (Kd3) } 49...Ke5
{ [%eval -16,18] [%emt 0:00:30] (Ke5) } 50.f3
{ [%eval 72,24] [%emt 0:00:59] (h4) } 50...g6
{ [%eval -14,20] [%emt 0:00:39] (Kd6) } 51.h4
{ [%eval 62,23] [%emt 0:00:39] (f4) } 51...f5
{ [%eval -10,20] [%emt 0: 00:25] (f5) } 52.f4+
{ [%eval 61,24] [%emt 0:00:21] (f4) } 52...Ke6
{ [%eval 0,20] [%emt 0:00:08] (Ke6) } 53.g5
{ [%eval 42,25] [%emt 0:00:14] (g5) } 53...hxg5
{ [%eval 0,22] [%emt 0:00:40] (hxg5) } 54.fxg5
{ [%eval 29,25] [%emt 0:00:21] (fxg5) } 54...b5
{ [%eval 0,22] [%emt 0:00:33] (Ke5) } 55.Kd4
{ [%eval 0,26] [%emt 0:00:11] (Ke2) } 55...Kd6
{ [%eval 0,22] [%emt 0:00:25] (Kd6) } 56.Kd3
{ [%eval 0,28] [%emt 0:00:25] (Kd3) } 56...Ke5
{ [%eval 0,22] [%emt 0:00:46] (Ke7) } 57.Kc3
{ [%eval 0,25] [%emt 0: 00:14] (Kc3) } 57...Ke6
{ [%eval 0,22] [%emt 0:00:34] (Ke6) } 58.Kd3 Ke5 { [%eval 0,24] [%emt 0:01:33] (Ke5) } 59.Ke2 f4 { [%eval 1,21] [%emt 0:00:27] (Ke6) }
60.exf4+ { [%eval 0,26] [%emt 0:00:16] (exf4) } 60...Kxf4
{ [%eval 1,20] [%emt 0:00:11] (Kxf4) } 61.Kd3
{ [%eval 0,29] [%emt 0:00:17] (h5) } 61...Ke5
{ [%eval 1,22] [%emt 0:00:33] (Ke5) } 62.Kd2
{ [%eval 0,29] [%emt 0:00:52] (Ke3) } 62...d4
{ [%eval 1,22] [%emt 0:00:26] (d4) } 63.Kd3
{ [%eval 0,29] [%emt 0:00:17] (Kd3) } 63...Kd5
{ [%eval 1,23] [%emt 0:00:29] (Kd5) } 64.Kc2
{ [%eval 0,28] [%emt 0:00:20] (Kc2) } 64...Ke6
{ [%eval 1,23] [%emt 0: 00:54] (Ke6) } 65.Kd3
{ [%eval 0,26] [%emt 0:00:26] (Kd3) } 65...Ke5
{ [%eval 0,23] [%emt 0:00:31] (Ke5) } 66.Ke2
{ [%eval 0,25] [%emt 0:01:13] (Kc2) } 66...Ke6
{ [%eval 0,22] [%emt 0:01:35] (Ke6) } 67.Ke1 Kd5 { [%eval 0,24] [%emt 0:00:48] (Kf7) } 68.Kd2
{ [%eval 0,29] [%emt 0:00:30] (Kf2) } 68...Ke5
{ [%eval 0,24] [%emt 0:01:01] (Kd6) } 69.Kd3 Kd5 { [%eval 0,26] [%emt 0:01:31] (Kd5) } 70.h5 gxh5
{ [%eval 255,21] [%emt 0:00:18] (gxh5) } 71.g6
{ [%eval -822,25] [%emt 0:00:05] (g6) } 71...Ke6
{ [%eval 481,21] [%emt 0:00:46] (Ke6) } 72.Kxd4
{ [%eval -850,27] [%emt 0:00:26] (Kxd4) } 72...Kf6
{ [%eval 487,20] [%emt 0:00:48] (Kf6) } 73.Kd5
{ [%eval -1007,26] [%emt 0:00:19] (g7) } 73...Kxg6
{ [%eval 710,21] [%emt 0:00:34] (Kxg6) } 74.Ke4
{ [%eval -1329,29] [%emt 0:00:26] (Ke4) } 74...Kf6
{ [%eval 1498,22] [%emt 0:01:07] (Kf6) } 0-1

[Event "41st Amateur D7"]
[Site "ChessGUI4"]
[Date "2013.07.11"]
[Round "34.1"]
[White "Carballo 0.8"]
[Black "Shallow 1.0 64-bit"]
[Result "1-0"]
[BlackElo "2200"]
[ECO "E12"]
[EventDate "2013.??.??"]
[TimeControl "40/1500:40/1500:40/1500"]
[WhiteElo "2273"]

{ i5 Quad } 1.d4 Nf6 2.Nf3 e6 3.c4 b6 4.a3 Ba6 5.Nbd2 d5 6.e3 c6 7.Be2 Be7 8.O-O O-O 9.b4 c5
{ [%eval -8,14] [%emt 0:00:42] (Nbd7) } 10.cxd5
{ [%eval 39,11] [%emt 0:00:36] (bxc5) } 10...Bxe2
{ [%eval -2,15] [%emt 0:00:42] (exd5) } 11.Qxe2
{ [%eval 25,14] [%emt 0:00:35] (Qxe2) } 11...Qxd5
{ [%eval -1,15] [%emt 0:00:42] (exd5) } 12.e4
{ [%eval 18,13] [%emt 0:00:34] (e4) } 12...Qh5
{ [%eval 2,15] [%emt 0:00:42] (Qh5) } 13.dxc5
{ [%eval 26,13] [%emt 0:00:33] (bxc5) } 13...bxc5
{ [%eval 1,14] [%emt 0:00:42] (bxc5) } 14.b5
{ [%eval 24,13] [%emt 0:00:32] (bxc5) } 14...Ng4
{ [%eval 13,14] [%emt 0:00:42] (Nbd7) } 15.h3
{ [%eval 36, 14] [%emt 0:00:32] (h3) } 15...Ne5
{ [%eval 9,14] [%emt 0:00:42] (Ne5) } 16.Bb2
{ [%eval 39,14] [%emt 0:00:31] (Bb2) } 16...Nbd7
{ [%eval 8,14] [%emt 0:00:42] (Nbd7) } 17.Rac1
{ [%eval 48,13] [%emt 0:00:30] (Rfe1) } 17...Rac8
{ [%eval 11,13] [%emt 0:00: 42] (Rad8) } 18.g4
{ [%eval 62,14] [%emt 0:00:29] (a4) } 18...Nxf3+
{ [%eval 40,13] [%emt 0:00:42] (Nxf3) } 19.Qxf3
{ [%eval 60,14] [%emt 0:00:29] (Qxf3) } 19...Qh6
{ [%eval 33,14] [%emt 0:00:42] (Qg5) } 20.Nc4
{ [%eval 80,13] [%emt 0:00:28] (Nc4) } 20...Nb6
{ [%eval 31,14] [%emt 0:00:42] (Rfd8) } 21.Na5
{ [%eval 63,12] [%emt 0:00: 27] (Na5) } 21...Bg5
{ [%eval 30,13] [%emt 0:00:42] (c4) } 22.Rc2
{ [%eval 79,13] [%emt 0:00:26] (Rc2) } 22...Nd7
{ [%eval 12,13] [%emt 0:00:42] (c4) } 23.Rd1
{ [%eval 140,12] [%emt 0:00:26] (Nc6) } 23...Rc7
{ [%eval 1,13] [%emt 0:00:42] (Nb6) } 24.Nc6
{ [%eval 147,13] [%emt 0:00:25] (Nc6) } 24...Bf4
{ [%eval 0,13] [%emt 0:00:42] (Bf4) } 25.Bc3
{ [%eval 156,12] [%emt 0:00:24] (Nb4) } 25...Rb7
{ [%eval -20,12] [%emt 0:00: 42] (Re8) } 26.Na5
{ [%eval 153,12] [%emt 0:00:24] (Bd2) } 26...Rc7
{ [%eval -20,13] [%emt 0:00:42] (Rc7) } 27.Nc6
{ [%eval 135,13] [%emt 0:00:23] (Nc6) } 27...Rb7
{ [%eval -55,13] [%emt 0:01:08] (Nb6) } 28.Bd2
{ [%eval 153,12] [%emt 0:00:23] (Bd2) } 28...e5
{ [%eval -63,13] [%emt 0:00:41] (Bg5) } 29.Ne7+
{ [%eval 191,14] [%emt 0:00:22] (Ne7) } 29...Kh8
{ [%eval 9,1] [%emt 0:00:00] (Kh8) } 30.Nf5 Qe6 { [%eval -82,14] [%emt 0:00:44] (Qe6) } 31.Bxf4
{ [%eval 190, 14] [%emt 0:00:21] (Bxf4) } 31...exf4
{ [%eval -82,14] [%emt 0:00:44] (exf4) } 32.Nd6
{ [%eval 176,13] [%emt 0:00:20] (Nd6) } 32...Rc7
{ [%eval -84,12] [%emt 0:00:58] (Ne5) } 33.Qxf4
{ [%eval 225,13] [%emt 0:00:20] (Qxf4) } 33...Nb6
{ [%eval -92,13] [%emt 0:00: 42] (Nb6) } 34.h4
{ [%eval 223,11] [%emt 0:00:19] (Rdc1) } 34...c4
{ [%eval -66,12] [%emt 0:00:42] (Kg8) } 35.Nf5
{ [%eval 230,12] [%emt 0:00:19] (Nf5) } 35...Qc8
{ [%eval -73,13] [%emt 0:00:42] (Rd7) } 36.Rcd2
{ [%eval 236,10] [%emt 0:00:18] (h5) } 36...c3
{ [%eval -62,12] [%emt 0:00:42] (f6) } 37.Rc2
{ [%eval 236,12] [%emt 0: 00:18] (Rc2) } 37...g6
{ [%eval -76,12] [%emt 0:00:42] (f6) } 38.Nd6
{ [%eval 203,12] [%emt 0:00:17] (Ne3) } 38...Qe6
{ [%eval -70,13] [%emt 0:00:42] (Qe6) } 39.f3
{ [%eval 199,11] [%emt 0:00:17] (Nf5) } 39...Kg8
{ [%eval -51,12] [%emt 0:00:42] (Kg8) } 40.Ne8
{ [%eval 162,11] [%emt 0:00:17] (Ne8) } 40...Rc5
{ [%eval -73,12] [%emt 0:00: 42] (Rc8) } 41.Nf6+
{ [%eval 161,14] [%emt 0:00:54] (Nf6) } 41...Kg7
{ [%eval -76,13] [%emt 0:00:37] (Kg7) } 42.g5
{ [%eval 157,15] [%emt 0:00:52] (g5) } 42...Rfc8
{ [%eval -78,12] [%emt 0:00:37] (Rfc8) } 43.Ng4
{ [%eval 154,13] [%emt 0:00:51] (Ng4) } 43...Kf8
{ [%eval -81,12] [%emt 0:00:37] (Kf8) } 44.Qe3
{ [%eval 160,14] [%emt 0:00:50] (Qf6) } 44...Ke7
{ [%eval -76,11] [%emt 0:00:37] (Qc4) } 45.Qd4
{ [%eval 197, 13] [%emt 0:00:48] (Qd4) } 45...Rc4
{ [%eval -86,12] [%emt 0:00:37] (Rc4) } 46.Qd3
{ [%eval 187,14] [%emt 0:00:47] (Qf6) } 46...R4c5
{ [%eval -81,11] [%emt 0:00:37] (Kf8) } 47.Qd4
{ [%eval 207,14] [%emt 0:00:46] (Qd4) } 47...Rc4
{ [%eval -82,13] [%emt 0:00: 37] (Rc4) } 48.Qd3
{ [%eval 201,14] [%emt 0:00:45] (Qf6) } 48...Kf8
{ [%eval -96,12] [%emt 0:00:37] (Kf8) } 49.Kg2
{ [%eval 185,13] [%emt 0:00:44] (Kg2) } 49...Ke8
{ [%eval -115,12] [%emt 0:01:19] (Kg8) } 50.Nf6+
{ [%eval 214,13] [%emt 0:00:43] (Rdc1) } 50...Ke7
{ [%eval -132,12] [%emt 0:00:36] (Kf8) } 51.f4
{ [%eval 215,12] [%emt 0:00:42] (Nxh7) } 51...h6
{ [%eval -122,11] [%emt 0:00:36] (h5) } 52.Qe3
{ [%eval 235,12] [%emt 0:00:40] (e5) } 52...R4c5
{ [%eval -93,11] [%emt 0:00:36] (R4c5) } 53.a4
{ [%eval 242,13] [%emt 0:00:39] (Kg3) } 53...hxg5
{ [%eval -133,10] [%emt 0:00: 36] (hxg5) } 54.hxg5
{ [%eval 215,14] [%emt 0:00:38] (hxg5) } 54...Qc4
{ [%eval -124, 10] [%emt 0:00:36] (Qc4) } 55.a5
{ [%eval 217,13] [%emt 0:00:38] (a5) } 55...Rd8
{ [%eval -351,11] [%emt 0:00:36] (Qb3) } 56.Rxd8
{ [%eval 458,14] [%emt 0:00:37] (Rxd8) } 56...Kxd8
{ [%eval -367,12] [%emt 0:00:36] (Kxd8) } 57.axb6
{ [%eval 477,16] [%emt 0:00:36] (axb6) } 57...axb6
{ [%eval -473,12] [%emt 0:00:36] (axb6) } 58.Kg3
{ [%eval 510,15] [%emt 0:00:35] (Qh3) } 58...Qxb5
{ [%eval -465,12] [%emt 0:00:36] (Qf1) } 59.Rxc3
{ [%eval 550,15] [%emt 0:00:34] (Rxc3) } 59...Rxc3
{ [%eval -515,12] [%emt 0:01:18] (Qc6) } 60.Qxc3
{ [%eval 609,18] [%emt 0:00:33] (Qxc3) } 60...Qc5
{ [%eval -542,13] [%emt 0:00:34] (Qc5) } 61.Qd3+
{ [%eval 617,16] [%emt 0:00:32] (Qd2) } 61...Kc8
{ [%eval -623,12] [%emt 0:00:34] (Kc7) } 62.Qd7+
{ [%eval 614,16] [%emt 0:00: 31] (Qd7) } 62...Kb8
{ [%eval -494,1] [%emt 0:00:00] (Kb8) } 1-0

[Event "41st Amateur D7"]
[Site "ChessGUI4"]
[Date "2013.07.11"]
[Round "34.2"]
[White "ChessKiss 1.7 64-bit"]
[Black "MadChess 1.2"]
[Result "1-0"]
[BlackElo "2200"]
[ECO "B67"]
[EventDate "2013.??.??"]
[TimeControl "40/1500:40/1500:40/1500"]
[WhiteElo "2214"]

{ i5 Quad } 1.e4 c5 2.Nf3 Nc6 3.d4 cxd4 4.Nxd4 Nf6 5.Nc3 d6 6.Bg5 e6 7.Qd2 a6 8.O-O-O Bd7 9.Kb1 h6
{ [%eval -20,12] [%emt 0:01:03] (Be7) } 10.Be3
{ [%eval 58,12] [%emt 0:00:37] (Bxf6) } 10...Be7
{ [%eval -4,11] [%emt 0:00:53] (Ng4) } 11.Nxc6
{ [%eval 47,12] [%emt 0:00:40] (Be2) } 11...Bxc6
{ [%eval -15,10] [%emt 0:00:17] (bxc6) } 12.f3
{ [%eval 30,12] [%emt 0:00:38] (f3) } 12...O-O
{ [%eval -7,10] [%emt 0:00:43] (Qb8) } 13.Qf2
{ [%eval 45,11] [%emt 0:00:38] (Qf2) } 13...Qc7
{ [%eval 3,9] [%emt 0:00:17] (b5) } 14.Bb6
{ [%eval 45, 11] [%emt 0:00:37] (Bd3) } 14...Qb8
{ [%eval 0,10] [%emt 0:00:26] (Qb8) } 15.Qg3
{ [%eval 35,11] [%emt 0:00:36] (Be3) } 15...Nh5
{ [%eval 0,10] [%emt 0:00:23] (Rc8) } 16.Qh3
{ [%eval 32,12] [%emt 0:00:35] (Qg4) } 16...Nf4
{ [%eval 0,13] [%emt 0:01:08] (Nf6) } 17.Qg4
{ [%eval 42,12] [%emt 0:00:34] (Qg3) } 17...e5
{ [%eval 6,11] [%emt 0:00:30] (Ng6) } 18.Be3
{ [%eval 40,11] [%emt 0:00:34] (Qg3) } 18...f5
{ [%eval -14,12] [%emt 0: 00:31] (f5) } 19.exf5
{ [%eval 25,12] [%emt 0:00:32] (exf5) } 19...h5
{ [%eval 2,12] [%emt 0:00:23] (h5) } 20.Qg3
{ [%eval 46,12] [%emt 0:00:31] (Qg3) } 20...Rxf5
{ [%eval -1,11] [%emt 0:00:16] (Rxf5) } 21.Bxf4
{ [%eval 56,12] [%emt 0:00:27] (Bc4) } 21...Rxf4
{ [%eval -48,12] [%emt 0:01:17] (Rxf4) } 22.Qg6
{ [%eval 47,11] [%emt 0:00:29] (Bd3) } 22...Qe8
{ [%eval 14,12] [%emt 0:00:25] (Qe8) } 23.Qxe8+
{ [%eval 35,13] [%emt 0:00:28] (Bd3) } 23...Rxe8
{ [%eval 28,14] [%emt 0:01:16] (Rxe8) } 24.Nd5
{ [%eval 36,14] [%emt 0:00:28] (Nd5) } 24...Bxd5
{ [%eval 27,14] [%emt 0:01:04] (Bxd5) } 25.Rxd5
{ [%eval 32,14] [%emt 0:00:29] (Rxd5) } 25...g5
{ [%eval 33,13] [%emt 0:01:16] (Rb4) } 26.Bd3
{ [%eval 85,13] [%emt 0:00:26] (Bd3) } 26...Kg7
{ [%eval 22,12] [%emt 0:00:17] (Kg7) } 27.Be4
{ [%eval 82,13] [%emt 0:00:25] (Be4) } 27...g4
{ [%eval 22,12] [%emt 0:00:37] (Rc8) } 28.Rd3
{ [%eval 115,12] [%emt 0:00:22] (Rd3) } 28...b6
{ [%eval 21,12] [%emt 0:00:36] (b6) } 29.Rc3
{ [%eval 105,11] [%emt 0:00:19] (Rhd1) } 29...Rf7
{ [%eval 0,11] [%emt 0:00:40] (Kh6) } 30.Bd5
{ [%eval 119,13] [%emt 0:00:21] (Rd1) } 30...Rf4
{ [%eval -10,12] [%emt 0:00:32] (Rf4) } 31.Be4
{ [%eval 123, 13] [%emt 0:00:22] (Rc7) } 31...Rf7
{ [%eval 0,100] [%emt 0:00:01] (Rf7) } 32.Rc6
{ [%eval 111,12] [%emt 0:00:22] (Rd1) } 32...Rb8
{ [%eval 0,12] [%emt 0:00:33] (Rb8) } 33.Bd5
{ [%eval 106,13] [%emt 0:00:21] (Rd1) } 33...Rf4
{ [%eval -3,14] [%emt 0:01:09] (Rf4) } 34.Rc7
{ [%eval 112,12] [%emt 0:00:20] (Rc7) } 34...Kf8
{ [%eval -6,13] [%emt 0:00:22] (Kf6) } 35.fxg4
{ [%eval 122,12] [%emt 0:00:20] (Rd1) } 35...Rxg4
{ [%eval -68,14] [%emt 0:01:09] (hxg4) } 36.g3
{ [%eval 144,13] [%emt 0:00:19] (Rf1) } 36...Rg7
{ [%eval -123,15] [%emt 0:01:00] (Rg7) } 37.Rf1+
{ [%eval 187,14] [%emt 0:00:18] (Rf1) } 37...Ke8
{ [%eval -126,16] [%emt 0:00:52] (Ke8) } 38.Rf5
{ [%eval 191,13] [%emt 0:00:08] (Rf5) } 38...Rh7
{ [%eval -131,16] [%emt 0:02:22] (Rh7) } 39.Ra7
{ [%eval 218,13] [%emt 0:00:19] (h4) } 39...h4
{ [%eval -90,13] [%emt 0:00:44] (a5) } 40.gxh4
{ [%eval 256,12] [%emt 0:00:18] (Rxa6) } 40...Rg7
{ [%eval -148,14] [%emt 0:00:52] (Rg7) } 41.c3
{ [%eval 276,13] [%emt 0:01:00] (Rf1) } 41...Bf6
{ [%eval -151,14] [%emt 0:00:52] (Bf6) } 42.Bc6+
{ [%eval 285,15] [%emt 0:00:58] (Bc6) } 42...Kd8
{ [%eval -143,15] [%emt 0:00:31] (Kd8) } 43.Rxg7
{ [%eval 275,16] [%emt 0:00:57] (Rxa6) } 43...Bxg7
{ [%eval -174,17] [%emt 0:00:52] (Bxg7) } 44.Rf7
{ [%eval 266,16] [%emt 0: 00:55] (Rf7) } 44...Rc8
{ [%eval -186,16] [%emt 0:00:27] (Bh6) } 45.Rd7+
{ [%eval 263, 15] [%emt 0:00:53] (Rd7) } 45...Ke8
{ [%eval -186,16] [%emt 0:00:00] (Ke8) } 46.Rxd6+ Ke7
{ [%eval -242,14] [%emt 0:00:34] (Ke7) } 47.Bb7
{ [%eval 239,16] [%emt 0:00:52] (Rd7) } 47...Kxd6
{ [%eval -153,15] [%emt 0:00:47] (Kxd6) } 48.Bxc8
{ [%eval 277,18] [%emt 0:00:49] (Bxc8) } 48...a5
{ [%eval -155,16] [%emt 0:01:26] (e4) } 49.Bb7
{ [%eval 282,19] [%emt 0:00:47] (Bb7) } 49...Ke7
{ [%eval -162,15] [%emt 0:00:44] (Ke6) } 50.Kc2
{ [%eval 290,19] [%emt 0:00:46] (Kc2) } 50...Kf6
{ [%eval -160,15] [%emt 0:01:10] (Bh6) } 51.Be4
{ [%eval 283,19] [%emt 0:00:44] (Kd3) } 51...Bh6
{ [%eval -173,15] [%emt 0:00:39] (Bh6) } 52.h3
{ [%eval 274,19] [%emt 0:00:43] (Kd3) } 52...Bf4
{ [%eval -185,14] [%emt 0:00:27] (a4) } 53.Kd3
{ [%eval 292,18] [%emt 0:00:42] (Kd3) } 53...Bh2
{ [%eval -199,15] [%emt 0:01: 17] (Bc1) } 54.h5
{ [%eval 291,17] [%emt 0:00:41] (h5) } 54...Kg5
{ [%eval -203,15] [%emt 0:00:34] (Kg7) } 55.Bf3
{ [%eval 292,18] [%emt 0:00:40] (Bf3) } 55...Bf4
{ [%eval -207,15] [%emt 0:00:58] (a4) } 56.b3
{ [%eval 291,19] [%emt 0:00:38] (b4) } 56...Bg3
{ [%eval -210,15] [%emt 0:01:02] (Bc1) } 57.c4
{ [%eval 291,19] [%emt 0:00: 34] (Ke4) } 57...Kf5
{ [%eval -193,13] [%emt 0:00:27] (Bf2) } 58.Bg4+
{ [%eval 291,18] [%emt 0:00:36] (a3) } 58...Kf4
{ [%eval -211,16] [%emt 0:00:49] (Kf6) } 59.h6
{ [%eval 450,19] [%emt 0:00:35] (h6) } 59...Bh4
{ [%eval -240,16] [%emt 0:00:39] (Bh4) } 60.h7
{ [%eval 454,19] [%emt 0:00:34] (a3) } 60...Bf6
{ [%eval -202,15] [%emt 0:00:37] (Bf6) } 61.Bd7
{ [%eval 455,19] [%emt 0:00:33] (c5) } 61...e4+
{ [%eval -214,15] [%emt 0:00:38] (e4) } 62.Ke2
{ [%eval 446,19] [%emt 0:00:32] (Ke2) } 62...Ke5
{ [%eval -214, 15] [%emt 0:00:31] (Kg5) } 63.h4
{ [%eval 442,17] [%emt 0:00:31] (h4) } 63...Bg7
{ [%eval -215,15] [%emt 0:00:50] (Kf4) } 64.Be8
{ [%eval 440,16] [%emt 0:00:30] (a3) } 64...Kd4
{ [%eval -230,15] [%emt 0:00:59] (Kf4) } 65.h5
{ [%eval 466,18] [%emt 0:00:29] (Bf7) } 65...Bh8
{ [%eval -221,14] [%emt 0:00:14] (Ke5) } 66.Bb5
{ [%eval 495, 16] [%emt 0:00:13] (a3) } 66...Bg7
{ [%eval -221,15] [%emt 0:00:18] (e3) } 67.Bc6
{ [%eval 487,16] [%emt 0:00:28] (h6) } 67...Be5
{ [%eval -221,15] [%emt 0:00:16] (Be5) } 68.Ba4
{ [%eval 487,17] [%emt 0:00:28] (h6) } 68...Bf6
{ [%eval -221,16] [%emt 0:00: 26] (Bf6) } 69.Kd2
{ [%eval 455,18] [%emt 0:00:24] (h6) } 69...Bg5+
{ [%eval -221,17] [%emt 0:00:31] (Ke5) } 70.Kd1
{ [%eval 455,18] [%emt 0:00:10] (Kd1) } 70...Bf6
{ [%eval -221,17] [%emt 0:00:29] (Bf6) } 71.Ke2
{ [%eval 449,18] [%emt 0:00:24] (Ke2) } 71...Be5
{ [%eval -222,16] [%emt 0:00:21] (Ke5) } 72.Bb5
{ [%eval 483,15] [%emt 0:00:09] (h6) } 72...Bg7
{ [%eval 0,18] [%emt 0:00:18] (a4) } 73.Kd2 Bh6+ { [%eval -221,17] [%emt 0:00:37] (Bf6) } 74.Kd1
{ [%eval 459,19] [%emt 0:00:24] (Ke1) } 74...Bg7
{ [%eval -222,16] [%emt 0:00:13] (Bg7) } 75.Ke2
{ [%eval 458,18] [%emt 0:00:23] (Ke2) } 75...Bf6
{ [%eval -222,16] [%emt 0:00: 27] (a4) } 76.Bc6
{ [%eval 481,17] [%emt 0:00:23] (a3) } 76...Be5
{ [%eval 0,19] [%emt 0:00:39] (Bg7) } 77.Kd2 Bf6
{ [%eval -220,15] [%emt 0:00:35] (Bf6) } 78.Ba4
{ [%eval 456,17] [%emt 0:00:21] (h6) } 78...Be5
{ [%eval 0,100] [%emt 0:00:00] (Ke5) } 79.Bc6 Bf6
{ [%eval 0,100] [%emt 0:00:01] (Bf6) } 80.Bd7
{ [%eval 455,18] [%emt 0:00:20] (h6) } 80...Bg7
{ [%eval -222,16] [%emt 0:01:09] (Ke5) } 81.Ke2
{ [%eval 455,18] [%emt 0:01:02] (a3) } 81...Bf6
{ [%eval -222,17] [%emt 0:01:46] (Bf6) } 82.Ba4
{ [%eval 455, 19] [%emt 0:01:01] (h6) } 82...Be5
{ [%eval 0,100] [%emt 0:00:00] (Ke5) } 83.Bc6 Bh8
{ [%eval -222,17] [%emt 0:00:53] (Bg7) } 84.Bd7
{ [%eval 459,19] [%emt 0:00:55] (h6) } 84...Bf6
{ [%eval 0,21] [%emt 0:01:52] (Be5) } 85.Kd2 a4
{ [%eval 0,100] [%emt 0:00:00] (Be5) } 86.Bxa4 Bg7
{ [%eval -396,17] [%emt 0: 02:14] (Be5) } 87.Bb5
{ [%eval 664,18] [%emt 0:00:52] (Ke2) } 87...Be5
{ [%eval -445, 15] [%emt 0:00:53] (e3) } 88.b4
{ [%eval 1020,20] [%emt 0:00:51] (b4) } 88...e3+
{ [%eval -660,15] [%emt 0:00:32] (Bf6) } 89.Ke2
{ [%eval 1023,20] [%emt 0:00:50] (Ke2) } 89...Bf6
{ [%eval -770,17] [%emt 0:01:30] (Bf6) } 90.a4
{ [%eval 1071,21] [%emt 0:00:49] (a4) } 90...Ke5
{ [%eval -786,16] [%emt 0:00:39] (Ke5) } 91.a5
{ [%eval 1066,18] [%emt 0:00:47] (a5) } 91...bxa5
{ [%eval -795,17] [%emt 0:00:49] (bxa5) } 1-0